 Dungeon Crawl Stone Soup version 0.28.0-47-ge53b351184 (webtiles) character file.

Game seed: 8984529579070351694

34482 Bruhh the Warrior (level 13, -8/149 HPs)
             Began as an Ogre Fire Elementalist on Apr 27, 2022.
             Was a Priest of Vehumet.
             Mangled by an ettin
             ... wielding a +0 great mace
              (26 damage)
             ... on level 1 of the Orcish Mines.
             The game lasted 01:01:04 (31581 turns).

Bruhh the Warrior (Ogre Fire Elementalist)         Turns: 31581, Time: 01:01:05

Health: -8/149     AC:  8    Str: 23    XL:     13   Next: 77%
Magic:  29/29      EV:  9    Int: 20    God:    Vehumet [***...]
Gold:   923        SH:  0    Dex:  9    Spells: 20/36 levels left

rFire   . . .      SeeInvis .   w - +1 trident (chaos)
rCold   . . .      Faith    .   (no shield)
rNeg    . . .      Spirit   .   y - +0 steam dragon scales
rPois   .          Reflect  .   (helmet restricted)
rElec   .          Harm     .   (no cloak)
rCorr   .          Rampage  .   (gloves unavailable)
Will    +....      Clarity  +   (boots unavailable)
Stlth   +.........              j - amulet of magic regeneration
HPRegen 0.34/turn               v - +6 ring of strength
MPRegen 0.61/turn               (no ring)

@: no status effects
A: large, unfitting armour, tough skin 1, iridescent scales 1, clarity, strong 1
a: Renounce Religion


You were on level 1 of the Orcish Mines.
You worshipped Vehumet.
Vehumet was most pleased with you.
You visited 3 branches of the dungeon, and saw 17 of its levels.

You collected 979 gold pieces.
You spent 56 gold pieces at shops.

Inventory:

Hand Weapons
 w - a +1 trident of chaos (weapon)
Armour
 a - a +1 robe
 y - +0 steam dragon scales (worn)
 A - +0 acid dragon scales
Jewellery
 j - an amulet of magic regeneration (around neck)
 t - an amulet of the acrobat
 v - a +6 ring of strength (left hand)
 J - a +4 ring of evasion
Wands
 g - a wand of acid (1)
 l - a wand of mindburst (12)
 q - a wand of paralysis (20)
 C - a wand of iceblast (9)
 F - a wand of flame (13)
 H - a wand of digging (5)
Scrolls
 b - 2 scrolls of magic mapping
 d - a scroll of enchant weapon
 h - 3 scrolls of teleportation
 i - 5 scrolls of noise
 o - 3 scrolls of enchant armour
 z - 4 scrolls of identify
 B - 4 scrolls of amnesia
 G - a scroll of holy word
Potions
 c - a potion of attraction
 e - 3 potions of curing
 f - a potion of haste
 k - 2 potions of mutation
 m - 2 potions of flight
 n - a potion of invisibility
 p - a potion of magic
 r - 10 potions of degeneration
 s - 3 potions of brilliance
 u - a potion of lignification
 x - a potion of resistance
 D - a potion of heal wounds
 I - a potion of ambrosia


   Skills:
 - Level 15.0 Fighting
 - Level 1.7 Dodging
 - Level 1.4 Stealth
 - Level 12.0 Spellcasting
 - Level 6.0 Conjurations
 + Level 11.3 Hexes
 - Level 10.0 Fire Magic


You had 20 spell levels left.
You knew the following spells:

 Your Spells              Type           Power      Damage    Failure   Level
a - Flame Wave            Conj/Fire      44%        2d10      1%          4
b - Scorch                Fire           100%       2d10      1%          2
c - Inner Flame           Hex/Fire       53%        N/A       1%          3
d - Conjure Flame         Conj/Fire      44%        6-21      1%          3
e - Anguish               Hex/Necr       17%        N/A       5%          4

Your spell library contained the following spells:

 Spells                   Type           Power      Damage    Failure   Level
 Frozen Ramparts          Ice            24%        1d4       4%          3
 Foxfire                  Conj/Fire      100%       2x1d9     1%          1
 Tukima's Dance           Hex            55%        N/A       1%          3
 Poisonous Vapours        Pois/Air       24%        N/A       2%          2
 Animate Skeleton         Necr           24%        N/A       5%          1
 Beastly Appendage        Tmut           24%        N/A       5%          1
 Leda's Liquefaction      Hex/Erth       17%        N/A       5%          4
 Corpse Rot               Necr/Air       24%        N/A       9%          2
 Wereblood                Tmut           12%        N/A       9%          2
 Spider Form              Tmut/Pois      12%        N/A       17%         3
 Vampiric Draining        Necr           12%        2d6       17%         3
 Enfeeble                 Hex            27%        N/A       41%         7
 Necromutation            Tmut/Necr      6%         N/A       100%        8


Dungeon Overview and Level Annotations

Branches:
Dungeon (10/15)            Temple (0/1) D:6            Lair (6/6) D:10
 Shoals (0/4) Lair:4        Snake (0/4) Lair:4        Slime (0/5) Lair:5
    Orc (1/2) D:9

Altars:
Ashenzari
Cheibriados
Hepliaklqana
Nemelex Xobeh
Vehumet
Wu Jian
Yredelemnul
Zin

Shops:
D:2 (   D:8 ?


Innate Abilities, Weirdness & Mutations

You are too large for most types of armour.
You have tough skin. (AC +1)
You are partially covered in iridescent scales. (AC +2)
You possess an exceptional clarity of mind.
Your muscles are strong. (Str +2)


Message History

The orc warrior dies!
Vehumet accepts your kill.
Vehumet is now extending the range of your destructive spells.
You start resting.
Magic restored.
You start resting.
HP restored.
You start waiting.
You start waiting.
Vehumet will no longer extend the range of your destructive spells.
You start waiting.
Done waiting.
You climb downwards.
Welcome back to the Orcish Mines!
The orc priest shouts!
You hear a shout! x2
The ettin hits you with a +0 great mace!!
The ettin hits you with a +0 dire flail!!
The orc warrior hits you from afar with a +2 glaive of venom.
You are poisoned.
The orc warrior misses you.
The ettin hits you with a +0 great mace!!
The ettin hits you with a +0 dire flail!!
* * * LOW HITPOINT WARNING * * *
There is a staircase back to the Dungeon, spattered with blood here.
As you read the scroll of summoning, it crumbles to dust.
Wisps of shadow whirl around you...
You feel sick.
The orc wizard gestures at you while chanting.
The magic dart hits you!
* * * LOW HITPOINT WARNING * * *
The ettin closely misses you.
The ettin hits you with a +0 dire flail!
* * * LOW HITPOINT WARNING * * *
The orc warrior barely misses you.
An orc comes into view. It is wielding a +0 short sword.
There are monsters nearby!
You feel sick.
Your warg bites the ettin!
You feel better.
Your warg bites the ettin.
The orc wizard hits your ogre with a +0 dagger.
The orc warrior closely misses you. The ettin closely misses you.
The ettin hits you with a +0 dire flail!!
You die...

### ####
####..##..######
#$....).@O.)...##
......>Ch.)......
......).oO[......
.#......o........
....o............
.................
.................
.o...............
.........#.......


You could see an ettin (ally target), an orc warrior, an orc priest, an orc
wizard (ally target), an orc, a friendly warg (summoned) and 2 friendly ogres.

Vanquished Creatures
  Gastronok (Lair:1)
  5 hydras
  Erica (D:8)
  A two-headed ogre (D:9)
  3 black mambas
  Maggie (Lair:1)
  A gargoyle (D:7)
  11 cane toads
  2 rime drakes
  4 komodo dragons
  A troll (D:10)
  A polar bear (Lair:3)
  Grinder (D:6)
  17 blink frogs
  6 dream sheep (Lair:4)
  A snapping turtle (Lair:4)
  5 wyverns
  A vampire (D:9)
  41 yaks
  3 steam dragons
  3 nagas (Lair:4)
  An acid dragon (D:10)
  12 water moccasins
  An ice beast (D:5)
  A swamp drake (D:9)
  6 orc warriors
  A sky beast (D:8)
  2 hornet zombies
  2 black bears
  A necrophage (D:5)
  16 wolves
  An ogre (D:4)
  2 centaurs
  A phantom (D:6)
  13 bullfrogs
  A gnoll sergeant (D:6)
  A water moccasin skeleton (D:4)
  4 electric eels
  4 wights (D:7)
  A bullfrog zombie (D:6)
  2 centaur zombies
  A bullfrog skeleton (D:4)
  10 hounds
  6 jellies
  5 orc priests
  An iguana (D:4)
  6 orc wizards
  2 hound skeletons
  4 gnolls
  A howler monkey skeleton (D:7)
  6 adders
  A white imp (D:7)
  2 ufetubi (D:5)
  An adder skeleton (D:4)
  2 dart slugs
  29 orcs
  3 ball pythons
  7 bats
  4 endoplasms
  8 giant cockroaches
  10 goblins
  6 hobgoblins
  8 quokkas
  3 frilled lizards
  10 kobolds
  6 rats
325 creatures vanquished.

Vanquished Creatures (others)
  3 hydras (Lair:3)
  A two-headed ogre (D:9)
  A polar bear (Lair:3)
  5 yaks
  A naga (Lair:4)
  An orc warrior (D:9)
  A wolf (Lair:5)
  An orc priest (Orc:1)
  15 foxfires (D:1)
  36 fungi
  28 plants
93 creatures vanquished.

Grand Total: 418 creatures vanquished

Notes
Turn   | Place    | Note
-------+----------+-------------------------------------------
     0 | D:1      | Bruhh the Ogre Fire Elementalist began the quest for the
                  | Orb.
     0 | D:1      | Reached XP level 1. HP: 16/16 MP: 3/3
   526 | D:1      | Reached XP level 2. HP: 21/24 MP: 4/6
   593 | D:1      | Learned a level 2 spell: Scorch
   842 | D:1      | Reached XP level 3. HP: 31/31 MP: 0/8
  2075 | D:2      | Found Migeec's Antique Weapon Boutique.
  2456 | D:3      | Reached XP level 4. HP: 39/39 MP: 7/10
  2537 | D:3      | Found a basalt altar of Yredelemnul.
  2880 | D:3      | Found a faded altar of an unknown god.
  3228 | D:3      | Reached skill level 5 in Spellcasting
  3245 | D:3      | Reached XP level 5. HP: 17/45 MP: 0/12
  3441 | D:3      | Found a hazy altar of Hepliaklqana.
  3707 | D:3      | Found a radiant altar of Vehumet.
  3773 | D:3      | Became a worshipper of Vehumet
  3900 | D:4      | Reached skill level 1 in Conjurations
  4009 | D:4      | Reached XP level 6. HP: 47/53 MP: 3/13
  4242 | D:4      | Noticed a black bear
  4248 | D:4      | Killed a black bear
  4322 | D:4      | Reached skill level 5 in Fire Magic
  4464 | D:4      | Reached XP level 7. HP: 52/59 MP: 2/14
  4880 | D:5      | Entered Level 5 of the Dungeon
  5017 | D:5      | Found an ornate altar of the Wu Jian Council.
  5206 | D:5      | Learned a level 3 spell: Inner Flame
  5210 | D:5      | Learned a level 3 spell: Conjure Flame
  5307 | D:6      | Noticed a yak
  5307 | D:6      | Noticed a yak
  5307 | D:6      | Noticed a yak
  5307 | D:6      | Noticed a yak
  5336 | D:5      | Killed a yak
  5337 | D:5      | Reached XP level 8. HP: 57/67 MP: 2/15
  5493 | D:6      | Found a sparkling altar of Nemelex Xobeh.
  6391 | D:5      | Killed a yak
  6928 | D:5      | Killed a yak
  7014 | D:6      | Found a staircase to the Ecumenical Temple.
  7047 | D:6      | Reached skill level 2 in Fighting
  7067 | D:6      | Killed a yak
  7068 | D:6      | Reached skill level 4 in Fighting
  7068 | D:6      | Reached XP level 9. HP: 53/85 MP: 8/18
  7288 | D:6      | Reached skill level 5 in Fighting
  7467 | D:6      | Noticed Grinder
  7471 | D:6      | Killed Grinder
  7472 | D:6      | Reached skill level 6 in Fighting
  7513 | D:6      | Found a snail-covered altar of Cheibriados.
  7592 | D:7      | Reached skill level 7 in Fighting
  8019 | D:7      | Found a broken altar of Ashenzari.
  8048 | D:7      | Reached skill level 8 in Fighting
  8057 | D:7      | Reached * piety under Vehumet
  8057 | D:7      | Offered knowledge of Freeze by Vehumet.
 10240 | D:7      | Noticed a gargoyle
 10250 | D:7      | Killed a gargoyle
 10251 | D:7      | Reached skill level 9 in Fighting
 10499 | D:7      | Found a glowing silver altar of Zin.
 10535 | D:8      | Reached skill level 10 in Fighting
 10642 | D:8      | Found Heilywnu's Magic Scroll Boutique.
 10648 | D:8      | Bought a scroll of identify for 28 gold pieces
 10648 | D:8      | Bought a scroll of identify for 28 gold pieces
 10661 | D:8      | Gained mutation: You are partially covered in iridescent
                  | scales. (AC +2) [potion of mutation]
 10661 | D:8      | Gained mutation: Your muscles are strong. (Str +2) [potion
                  | of mutation]
 10661 | D:8      | Gained mutation: You possess an exceptional clarity of
                  | mind. [potion of mutation]
 10958 | D:8      | Noticed Erica
 11821 | D:8      | Killed Erica
 11822 | D:8      | Reached skill level 5 in Conjurations
 11822 | D:8      | Reached XP level 10. HP: 93/110 MP: 14/22
 11833 | D:8      | Learned a level 4 spell: Flame Wave
 12668 | D:9      | Noticed a two-headed ogre
 12674 | D:9      | Killed a two-headed ogre
 13292 | D:9      | Found a staircase to the Orcish Mines.
 13571 | D:10     | Entered Level 10 of the Dungeon
 13591 | D:10     | Reached skill level 10 in Fire Magic
 14135 | D:10     | Found a staircase to the Lair.
 14140 | D:10     | Reached XP level 11. HP: 98/117 MP: 18/23
 14497 | Lair:1   | Entered Level 1 of the Lair of Beasts
 14529 | Lair:1   | Noticed Gastronok
 14533 | Lair:1   | Reached ** piety under Vehumet
 14533 | Lair:1   | Offered knowledge of Shock by Vehumet.
 14534 | Lair:1   | Reached skill level 1 in Hexes
 14905 | Lair:1   | Killed Gastronok
 14906 | Lair:1   | Reached skill level 10 in Spellcasting
 15376 | Lair:1   | Noticed Maggie
 15382 | Lair:1   | Killed Maggie
 16119 | D:10     | Reached skill level 5 in Hexes
 17664 | Lair:1   | Noticed a four-headed hydra
 18235 | D:10     | Learned a level 4 spell: Anguish
 18243 | Lair:1   | Killed a four-headed hydra
 18936 | Lair:1   | Reached XP level 12. HP: 25/126 MP: 14/26
 20360 | Lair:2   | Noticed a six-headed hydra
 20367 | Lair:2   | Killed a six-headed hydra
 21154 | Lair:3   | Noticed a five-headed hydra
 21419 | Lair:3   | Reached skill level 10 in Hexes
 21428 | Lair:3   | Noticed a four-headed hydra
 21434 | Lair:3   | Killed a four-headed hydra
 21734 | Lair:3   | Reached skill level 11 in Fighting
 21853 | Lair:3   | Noticed a six-headed hydra
 21859 | Lair:3   | Noticed a four-headed hydra
 21861 | Lair:3   | Killed a six-headed hydra
 21999 | Lair:3   | Killed a five-headed hydra
 22000 | Lair:3   | Reached skill level 12 in Fighting
 22407 | Lair:3   | Noticed a five-headed hydra
 22415 | Lair:3   | Killed a five-headed hydra
 22522 | Lair:3   | Offered knowledge of Dazzling Flash by Vehumet.
 22524 | Lair:3   | Reached skill level 13 in Fighting
 22633 | Lair:3   | Got the Handbook of the Eight Boll Weevils
 22829 | Lair:3   | Killed a four-headed hydra
 23284 | Lair:4   | Reached skill level 14 in Fighting
 23289 | Lair:4   | Reached XP level 13. HP: 90/146 MP: 2/27
 23531 | Lair:4   | Found a staircase to the Snake Pit.
 24106 | Lair:4   | Reached skill level 15 in Fighting
 24279 | Lair:4   | Reached *** piety under Vehumet
 24841 | Lair:4   | Found a staircase to the Shoals.
 25890 | Lair:5   | Offered knowledge of Frozen Ramparts by Vehumet.
 26907 | Lair:5   | Found a staircase to the Slime Pits.
 26980 | Lair:5   | Found a snail-covered altar of Cheibriados.
 27230 | Lair:6   | Entered Level 6 of the Lair of Beasts
 27246 | Lair:5   | Reached **** piety under Vehumet
 29032 | Lair:6   | HP: 4/149 [eight-headed hydra (6)]
 30269 | Orc:1    | Entered Level 1 of the Orcish Mines
 31228 | Orc:1    | Noticed an ettin
 31581 | Orc:1    | Mangled by an ettin

Illustrated notes

Levels and vault maps discovered:
D:1:      saegor_arrival_simple_a, layout_basic, minivault_11, st_stairs_6
D:2:      layout_loops_ring, serial_shops, nicolae_shop_overgrown_old_shop,
          minivault_24, nrook_uturn
D:3:      layout_loops_corners, old_standard_altar, lemuel_crystal_altar,
          yredelemnul_altar_generic, shapermc_ecumenical_altar_mp_ritualfount,
          portal_sewer_entry_f
D:4:      layout_gridville, minmay_between
D:5:      layout_rooms, mainiacjoe_overflow_alcove_2
D:6:      layout_rooms, nicolae_overflow_crystal_walls,
          lemuel_coloured_pillars_altar, minmay_temple_entry_waves, uniq_grinder
D:7:      layout_loops_ring, mainiacjoe_overflow_big_doors
D:8:      layout_basic, serial_shops, nicolae_square_shop, uniq_erica
D:9:      layout_gridville, erik_orc_1, serial_park_tiny_pond
D:10:     layout_basic, erik_lair_island, uniq_joseph
Lair:1:   layout_cave_pods, infiniplex_staircase_pool_2, uniq_gastronok,
          uniq_maggie
Lair:2:   layout_gridlike, nicolae_volcano_entry_hallway
Lair:3:   layout_chaotic_city, chequers_serial_rivers_micro_a,
          gammafunk_lair_bear_cave
Lair:4:   layout_cave_pods, minmay_shoals_entry_hut,
          minmay_snake_entry_guardpost_small, beast_lair_carwin_9
Lair:5:   layout_roguey, nicolae_slime_entry_slimehenge, basic_altar
Lair:6:   hangedman_lair_in_review, layout_regular_city, serial_rivers,
          chequers_serial_rivers_small_b, chequers_serial_rivers_small_3,
          chequers_serial_rivers_marsh, chequers_serial_rivers_micro_b,
          chequers_serial_rivers_marsh
Orc:1:    layout_caves

Skill      XL: |  1  2  3  4  5  6  7  8  9 10 11 12 13 |
---------------+----------------------------------------+-----
Spellcasting   | 3 4 5 6 8 10 12 | 12.0
Fire Magic     | 3 4 5 7 8 10 | 10.0
Conjurations   | 2 4 5 6 |  6.0
Fighting       | 4 10 14 15 | 15.0
Hexes          | 7 10 11 | 11.3
Dodging        | |  1.7
Stealth        | |  1.4

Action                   |  1- 3 |  4- 6 |  7- 9 | 10-12 | 13-15 || total
-------------------------+-------+-------+-------+-------+-------++-------
Melee: Unarmed           |    28 |     3 |       |       |       ||    31
       Punch             |     1 |     1 |       |       |       ||     2
       Trident           |       |       |     8 |    11 |     7 ||    26
 Cast: Foxfire           |    13 |       |       |       |       ||    13
       Scorch            |    35 |    69 |   149 |   266 |   160 ||   679
       Conjure Flame     |       |       |     8 |     3 |     2 ||    13
       Inner Flame       |       |       |     2 |     1 |       ||     3
       Flame Wave        |       |       |       |    29 |    48 ||    77
       Anguish           |       |       |       |    24 |    24 ||    48
Evoke: Wand              |       |       |       |       |     1 ||     1
  Use: Scroll            |       |       |    10 |     3 |    14 ||    27
       Potion            |       |       |     3 |     2 |     1 ||     6
Armor: Robe              |    17 |    12 |    15 |     1 |       ||    45
       Steam dragon scal |       |       |       |    98 |    99 ||   197
Dodge: Dodged            |    30 |    18 |    45 |   135 |   105 ||   333
